 Dungeon Crawl Stone Soup version 0.31-a0-142-g31f6795574 (webtiles) character file.

Game seed: 737084986845520548

28199 Kenran the Bludgeoner (level 13, 0/84 HPs)
             Began as a Human Chaos Knight on June 3, 2023.
             Was a High Priest of Wu Jian.
             Slain by a culicivora (10 damage)
             ... on level 3 of the Lair of Beasts.
             The game lasted 00:26:57 (17477 turns).

Kenran the Bludgeoner (Human Chaos Knight)         Turns: 17477, Time: 00:26:58

Health: 0/84       AC: 20    Str: 21    XL:     13   Next: 71%
Magic:  13/13      EV: 10    Int: 13    God:    Wu Jian [*****.]
Gold:   121        SH:  5    Dex: 12    Spells: 12/12 levels left

rFire   . . .        a - +0 eveningstar (drain)
rCold   . . .        j - +0 buckler
rNeg    . . .        B - +0 ring mail "Imet" {Str+3 Slay+6}
rPois   +            g - +2 hat
rElec   .            s - +0 cloak
rCorr   .            F - +2 pair of gloves
SInv    .            d - +1 pair of boots
Will    .....        (no amulet)
Stlth   +            D - +4 ring of protection
HPRegen 0.34/turn    n - ring of poison resistance
MPRegen 0.13/turn

%: no passive effects
@: no status effects
A: talons 1, frail 2, sense surroundings 1, screaming 1, wild magic 1
a: Renounce Religion, Wall Jump, Serpent's Lash, Heavenly Storm


You were on level 3 of the Lair of Beasts.
You worshipped Wu Jian.
Wu Jian was extremely pleased with you.
You visited 3 branches of the dungeon, and saw 15 of its levels.
You also visited: Bailey.

You collected 1041 gold pieces.
You spent 920 gold pieces at shops.

Inventory:

Hand Weapons
 a - a +0 eveningstar of draining (weapon)
 G - a +3 morningstar of freezing
Missiles
 e - 2 throwing nets
Armour
 d - a +1 pair of boots (worn)
 g - a +2 hat (worn)
 j - a +0 buckler (worn)
 s - a +0 cloak (worn)
 x - a +4 plate armour of fire resistance
 B - the +0 ring mail "Imet" (worn) {Str+3 Slay+6}
   (You found it on level 2 of the Lair of Beasts)

   Str:       It affects your strength (+3).
   Slay:      It affects your accuracy & damage with ranged weapons and melee
   (+6).
 F - a +2 pair of gloves (worn)
Jewellery
 k - a +5 ring of evasion
 n - a ring of poison resistance (right hand)
 q - a ring of protection from cold
 y - a ring of see invisible
 z - a ring of flight
 D - a +4 ring of protection (left hand)
Wands
 m - a wand of flame (22)
 u - a wand of quicksilver (3)
 E - a wand of polymorph (8)
 J - a wand of roots (7)
 K - a wand of mindburst (8)
Scrolls
 b - a scroll of brand weapon
 f - 2 scrolls of poison {!r}
 h - 4 scrolls of amnesia
 i - 4 scrolls of fog
 o - a scroll of teleportation
 r - 2 scrolls of magic mapping
 A - 2 scrolls of silence
Potions
 l - 2 potions of haste
 p - a potion of might
 t - 5 potions of brilliance
 w - 3 potions of degeneration {!q}
 C - 2 potions of cancellation
 H - 3 potions of enlightenment
 L - a potion of lignification {!q}
 M - a potion of heal wounds {@q2}
 N - a potion of curing {@q1}
Miscellaneous
 c - a piece from Xom's chessboard (15/15) (quivered)
 v - a phial of floods
 I - a tin of tremorstones (2/2)


   Skills:
 + Level 11.3 Fighting
 - Level 3.8 Long Blades
 - Level 16.0 Maces & Flails
 - Level 10.0 Armour
 - Level 1.0 Dodging
 - Level 5.0 Shields


You had 12 spell levels left.
You didn't know any spells.
Your spell library contained the following spells:

 Spells                   Type           Power      Damage    Failure   Level
 Beastly Appendage        Tmut           0%         N/A       58%         1
 Freeze                   Ice            0%         1d3       58%         1
 Shock                    Conj/Air       0%         1d3       58%         1
 Poisonous Vapours        Pois/Air       0%         N/A       71%         2
 Wereblood                Tmut           0%         N/A       71%         2
 Frozen Ramparts          Ice            0%         1d1       90%         3
 Hailstorm                Conj/Ice       0%         3d3       90%         3
 Ignite Poison            Fire/Tmut/Pois 0%         N/A       90%         3
 Mephitic Cloud           Conj/Pois/Air  0%         N/A       90%         3
 Spider Form              Tmut/Pois      0%         N/A       90%         3
 Summon Guardian Golem    Hex/Summ       0%         N/A       90%         3
 Swiftness                Air            0%         N/A       90%         3
 Airstrike                Air            0%         2d(0-16)  100%        4
 Sticky Flame             Conj/Fire      0%         2d3       100%        4
 Freezing Cloud           Conj/Ice/Air   0%         6-21      100%        5
 Orb of Destruction       Conj           0%         9d5       100%        7
 Spellforged Servitor     Conj/Summ      0%         N/A       100%        7
 Ignition                 Fire           0%         3d3       100%        8
 Chain Lightning          Conj/Air       0%         N/A       100%        9
 Fire Storm               Conj/Fire      0%         5d1       100%        9
 Shatter                  Erth           0%         3d5*      100%        9


Dungeon Overview and Level Annotations

Branches:
Dungeon (11/15)            Temple (1/1) D:5            Lair (3/5) D:8
  Swamp (0/4) Lair:3          Orc (0/2) D:9          Bailey (visited)
  Snake: Lair:2-3    Spider: Lair:2-3

Altars:
Ashenzari
Cheibriados
Dithmenos
Elyvilon
Fedhas
Gozag
Hepliaklqana
Kikubaaqudgha
Makhleb
Nemelex Xobeh
Okawaru
Qazlal
Ru
Sif Muna
Trog
Uskayaw
Vehumet
Wu Jian
Xom
Yredelemnul
Zin
The Shining One

Shops:
D:1 *   D:6 [   D:7 *

Annotations:
D:5 3 runed translucent doors, hattey's ghost, amateur HuWn


Innate Abilities, Weirdness & Mutations

You have sharp toenails.
You are very frail. (-20% HP)
You passively map a small area around you.
You occasionally shout uncontrollably at your foes.
Your spells are a little harder to cast, but a little more powerful.


Message History

You sock the blink frog! You drain the blink frog.
You kill the blink frog!
The Council accepts your kill.
The blink frog blinks!
You lunge at the blink frog, in a flurry of attacks.
You bludgeon the blink frog!!
You kill the blink frog!
The Council accepts your kill.
You start resting.
A culicivora comes into view.
The culicivora's many legs skitter faintly.
You lunge at the culicivora.
You closely miss the culicivora.
The culicivora bites you but does no damage.
The culicivora misses you.
You spin and attack the culicivora repeatedly.
You bludgeon the culicivora!!
The culicivora is heavily wounded.
You miss the culicivora.
The culicivora is heavily wounded.
You block the culicivora's attack.
Aiming: Wall Jump
Press: ? - help, Dir - move target You repeatedly attack the culicivora from above.
You closely miss the culicivora.
The culicivora is heavily wounded.
You miss the culicivora.
The culicivora is heavily wounded.
The culicivora bites you.
The culicivora draws strength from your injuries!
The culicivora bites you!
* * * LOW HITPOINT WARNING * * *
The culicivora draws strength from your injuries!
The culicivora bites you!
* * * LOW HITPOINT WARNING * * *
The culicivora draws strength from your injuries!
You spin and attack the culicivora.
You puncture the culicivora! You drain the culicivora.
The culicivora is heavily wounded.
The culicivora bites you!
You die...

.........♣♣#≣########## *
*######
..........................
,
..........................,
, ,
..........................
, ,,
..........................
, ,
..........................
, , ,
.......^........°.........
.............††...........
..............°s@.........
.............†...######...
...............### *** ,
.............### * , , *
..###..P##.## * ** *
..###.##### , , , ~
...#...<.## > ,* * , ,
..#......P## ,, , , ,
...#......P# ,


You could see a culicivora (drained).

Vanquished Creatures
  Fannar (D:10)
  A two-headed ogre (D:11)
  8 death yaks
  Nergalle (Lair:3)
  An orc knight (Bailey)
  Pikel (D:5)
  A deep elf pyromancer (D:8)
  A cyclops (D:11)
  4 black mambas
  A gargoyle (D:11)
  3 rime drakes
  6 cane toads
  2 unseen horrors (D:11)
  5 komodo dragons
  A troll (D:11)
  A polar bear (Lair:3)
  11 blink frogs
  A jumping spider (Lair:3)
  24 yaks
  4 wyverns
  2 steam dragons
  Menkaure (D:7)
  A redback (Lair:3)
  An acid dragon (D:10)
  5 water moccasins
  11 orc warriors
  2 sky beasts
  2 black bears
  3 ice beasts (D:6)
  11 centaurs
  6 wolves
  A lemure (D:5)
  A phantom (D:5)
  3 kobold brigands
  14 bullfrogs
  A gnoll sergeant (D:10)
  4 scorpions
  9 wights (D:8)
  4 killer bees
  3 howler monkeys
  8 orc priests
  4 hounds
  Crazy Yiuf (D:3)
  3 sleepcaps
  15 orc wizards
  4 iguanas
  A hell rat (Lair:3)
  7 adders
  5 gnolls
  2 white imps
  2 ufetubi (D:5)
  2 worms (D:3)
  3 dart slugs
  33 orcs
  2 bats (D:3)
  3 endoplasms
  2 giant cockroaches
  11 goblins
  4 hobgoblins
  2 jackals (D:1)
  6 quokkas
  7 ball pythons
  4 frilled lizards
  25 kobolds
  4 rats
323 creatures vanquished.

Notes
Turn   | Place    | Note
-------+----------+-------------------------------------------
     0 | D:1      | Kenran the Human Chaos Knight began the quest for the Orb.
     0 | D:1      | Reached XP level 1. HP: 18/18 MP: 1/1
    14 | D:1      | XOM: silly message
   119 | D:1      | Reached XP level 2. HP: 24/24 MP: 2/2
   317 | D:1      | Found Qeggausu's Assorted Antiques.
   338 | D:1      | XOM: fog
   401 | D:1      | XOM: 5-stop teleportation journey
   435 | D:1      | Reached XP level 3. HP: 28/29 MP: 3/3
   821 | D:2      | XOM: noise
   973 | D:2      | XOM: give mutation
   973 | D:2      | Gained mutation: Your spells are a little harder to cast,
                  | but a little more powerful. [Xom's mischief]
   987 | D:2      | Reached skill level 1 in Maces & Flails
  1016 | D:2      | Reached XP level 4. HP: 28/35 MP: 4/4
  1401 | D:3      | Reached skill level 2 in Maces & Flails
  1754 | D:3      | XOM: 8-stop teleportation journey
  1798 | D:3      | Found an iron altar of Okawaru.
  1944 | D:3      | Found a runed translucent door.
  1945 | D:3      | Noticed Crazy Yiuf
  1951 | D:3      | Killed Crazy Yiuf
  1952 | D:3      | Reached skill level 3 in Maces & Flails
  1952 | D:3      | Reached XP level 5. HP: 33/41 MP: 5/5
  2096 | D:4      | Noticed a wyvern
  2110 | D:4      | Killed a wyvern
  2111 | D:4      | Reached skill level 5 in Maces & Flails
  2111 | D:4      | Reached XP level 6. HP: 21/47 MP: 6/6
  2290 | D:4      | XOM: god gift: dagger {god gift}
  2305 | D:4      | Found a hide-covered altar of Uskayaw.
  2362 | D:4      | XOM: cleaving
  2365 | D:4      | a worm changed into a steam dragon
  2365 | D:4      | Noticed a steam dragon
  2365 | D:4      | XOM: polymorph worm -> steam dragon
  2375 | D:4      | XOM: scenery: 1 doors open
  2377 | D:4      | Killed a steam dragon
  2378 | D:4      | Reached skill level 6 in Maces & Flails
  2378 | D:4      | Reached XP level 7. HP: 17/52 MP: 7/7
  3331 | D:5      | Entered Level 5 of the Dungeon
  3443 | D:5      | XOM: polymorph worm -> scorpion
  3467 | D:5      | Reached skill level 7 in Maces & Flails
  3483 | D:5      | XOM is BORED!
  3483 | D:5      | XOM: stat loss: -3 Dex (9/12)
  3539 | D:5      | Found a runed translucent gate.
  3540 | D:5      | Found a runed translucent gate.
  3540 | D:5      | Found a runed translucent gate.
  3566 | D:5      | Noticed hattey's ghost (amateur HuWn)
  3692 | D:5      | Reached XP level 8. HP: 50/58 MP: 8/8
  3757 | D:5      | Reached skill level 8 in Maces & Flails
  4392 | D:5      | Found a staircase to the Ecumenical Temple.
  4801 | Temple   | Entered the Ecumenical Temple
  4881 | Temple   | Fell from the grace of Xom
  4881 | Temple   | Became a worshipper of the Wu Jian Council
  5071 | D:6      | XOM: 1-stop teleportation journey
  5090 | D:6      | Reached skill level 9 in Maces & Flails
  5246 | D:6      | XOM: give mutations
  5246 | D:6      | Gained mutation: You occasionally shout uncontrollably at
                  | your foes. [Xom's mischief]
  5246 | D:6      | Gained mutation: You frequently scream uncontrollably at
                  | your foes. [Xom's mischief]
  5246 | D:6      | Gained mutation: Your mind is acute. (Int +4, Str/Dex -1)
                  | [Xom's mischief]
  5360 | D:6      | Reached XP level 9. HP: 41/64 MP: 9/9
  5363 | D:6      | Reached skill level 10 in Maces & Flails
  5385 | D:6      | Reached skill level 1 in Shields
  5695 | D:6      | Found Waazible's Antique Armour Boutique.
  5770 | D:6      | XOM: give mutations
  5770 | D:6      | Lost mutation: You frequently scream uncontrollably at your
                  | foes. [Xom's mischief]
  5770 | D:6      | Gained mutation: You are frail. (-10% HP) [Xom's mischief]
  6003 | D:7      | Noticed Pikel
  6003 | D:7      | Found Qachas's General Store.
  6136 | D:5      | Killed Pikel
  6136 | D:5      | Reached * piety under Wu Jian
  6137 | D:5      | Reached skill level 5 in Shields
  6155 | D:5      | XOM: summons 4 hostile demons
  6226 | D:6      | Reached skill level 5 in Fighting
  6373 | D:7      | Found an opulent altar of Gozag.
  6493 | D:7      | Found a glowing silver altar of Zin.
  6722 | D:7      | HP: 2/62 [orc priest/divine providence (11)]
  6730 | D:7      | Reached XP level 10. HP: 30/68 MP: 10/10
  6905 | D:7      | XOM: give mutation
  6905 | D:7      | Gained mutation: You are occasionally teleported next to
                  | monsters. [Xom's mischief]
  6977 | D:7      | XOM: draining
  7154 | D:7      | Noticed Menkaure
  7160 | D:7      | Killed Menkaure
  7629 | D:1      | Bought a runed eveningstar for 414 gold pieces
  7824 | D:8      | Found a broken altar of Ashenzari.
  7902 | D:8      | Noticed a death yak
  7936 | D:8      | Killed a death yak
  8122 | D:8      | Reached skill level 11 in Maces & Flails
  8128 | D:8      | Reached skill level 5 in Armour
  8203 | D:8      | Found an ancient bone altar of Kikubaaqudgha.
  8275 | D:8      | Found a staircase to the Lair.
  8276 | D:8      | Noticed a death yak
  8277 | D:8      | Noticed a death yak
  8277 | D:8      | Noticed a death yak
  8278 | D:8      | Noticed a death yak
  8280 | D:8      | Noticed a death yak
  8527 | D:7      | Killed a death yak
  8528 | D:7      | Reached skill level 12 in Maces & Flails
  8541 | D:7      | XOM: summons 6 hostile demons
  8574 | D:8      | XOM: summons 1 hostile demon
  8790 | D:7      | Killed a death yak
  8873 | D:8      | Killed a death yak
  8873 | D:8      | Reached ** piety under Wu Jian
  8874 | D:8      | Reached XP level 11. HP: 15/75 MP: 11/11
  9183 | D:8      | XOM: summons 4 hostile demons
  9226 | D:8      | Noticed a deep elf pyromancer
  9233 | D:8      | Killed a deep elf pyromancer
  9706 | D:8      | XOM: give mutations
  9706 | D:8      | Gained mutation: You have hidden genetic potential. [Xom's
                  | mischief]
  9706 | D:8      | Gained mutation: You are very frail. (-20% HP) [Xom's
                  | mischief]
  9706 | D:8      | Lost mutation: Your mind is acute. (Int +4, Str/Dex -1)
                  | [Xom's mischief]
  9706 | D:8      | Gained mutation: Your body sometimes deteriorates upon
                  | taking damage. [Xom's mischief]
 10018 | D:9      | Reached skill level 13 in Maces & Flails
 10019 | D:9      | Found a staircase to the Orcish Mines.
 10164 | D:9      | XOM: 3-stop teleportation journey
 10335 | D:9      | XOM: noise
 10547 | D:9      | Found a radiant altar of Vehumet.
 10547 | D:9      | Found a snail-covered altar of Cheibriados.
 10658 | D:10     | Entered Level 10 of the Dungeon
 10662 | D:10     | Reached *** piety under Wu Jian
 10680 | D:10     | Found a flagged portal.
 10698 | D:10     | Noticed Fannar
 10716 | D:10     | HP: 1/68 [Fannar/bolt of cold (15)]
 10850 | D:10     | XOM: 1-stop teleportation journey
 11016 | Bailey   | Entered a bailey
 11023 | Bailey   | Noticed an orc knight
 11252 | Bailey   | Identified the +0 chain mail "Ocsuutick" {Dex+4}
 11363 | Bailey   | XOM: blink monster(s)
 11525 | Bailey   | Killed an orc knight
 11895 | D:10     | Killed Fannar
 11896 | D:10     | Reached skill level 14 in Maces & Flails
 12560 | D:11     | Reached XP level 12. HP: 67/73 MP: 12/12
 12566 | D:11     | XOM: silly message
 12598 | D:11     | XOM: silly message
 12669 | D:11     | Identified the +5 chain mail of True Grit {Harm +Inv rF-
                  | SInv}
 12672 | D:11     | Reached **** piety under Wu Jian
 12686 | D:11     | Reached skill level 15 in Maces & Flails
 12935 | D:11     | Noticed a two-headed ogre
 12946 | D:11     | Killed a two-headed ogre
 12952 | D:11     | Gained mutation: You expend magic power (3 MP) to
                  | strengthen your wands. [hidden potential]
 13506 | Lair:1   | Entered Level 1 of the Lair of Beasts
 13592 | D:8      | XOM: noise
 13743 | D:8      | XOM: silly message
 13743 | D:8      | Was forgiven by Xom
 14650 | Lair:1   | Reached skill level 16 in Maces & Flails
 15171 | D:8      | Killed a death yak
 15172 | D:8      | Killed a death yak
 15354 | D:1      | Bought a smoky inky potion for 20 gold pieces
 15354 | D:1      | Bought a scroll of identify for 46 gold pieces
 15355 | D:1      | Lost mutation: You are occasionally teleported next to
                  | monsters. [potion of mutation]
 15355 | D:1      | Lost mutation: You have hidden genetic potential. [potion
                  | of mutation]
 15355 | D:1      | Lost mutation: Your body sometimes deteriorates upon taking
                  | damage. [potion of mutation]
 15355 | D:1      | Gained mutation: You passively map a small area around you.
                  | [potion of mutation]
 15355 | D:1      | Lost mutation: You expend magic power (3 MP) to strengthen
                  | your wands. [potion of mutation]
 15355 | D:1      | Gained mutation: You have sharp toenails. [potion of
                  | mutation]
 15455 | D:7      | Bought a +2 plate armour of fire resistance for 440 gold
                  | pieces
 15593 | Lair:2   | Reached XP level 13. HP: 54/80 MP: 13/13
 15712 | Lair:2   | Identified the +0 ring mail "Imet" {Str+3 Slay+6}
 15996 | Lair:2   | Reached skill level 10 in Fighting
 16766 | Lair:3   | Reached skill level 10 in Armour
 16895 | Lair:3   | Noticed Nergalle
 16904 | Lair:3   | Killed Nergalle
 17415 | Lair:3   | Reached ***** piety under Wu Jian
 17477 | Lair:3   | Slain by a culicivora

Illustrated notes

Levels and vault maps discovered:
D:1:      amcnicky_arrival_underground_garden, layout_rooms, serial_shops,
          nicolae_shop_rolling_square, minmay_vboxes
D:2:      layout_basic, nrook_uturn
D:3:      layout_basic, mainiacjoe_overflow_paths,
          chequers_serial_rivers_room_a, kennysheep_generic_room_15,
          uniq_crazy_yiuf_cottage
D:4:      layout_basic, mainiacjoe_overflow_catwalk
D:5:      layout_loops_corners, temple_statues, gammafunk_ghost_icy
D:6:      layout_gridville, serial_shops, nicolae_shop_stone, minivault_27,
          minmay_joined_circles
D:7:      layout_layer_cave, mainiacjoe_overflow_brackets,
          grunt_gozag_breadcrumbs, serial_shops, shop,
          minmay_a_box_with_orc_wizards_in_it, uniq_pikel, uniq_menkaure
D:8:      layout_loops_ring, ashenzari_altar_1,
          mainiacjoe_overflow_surrounded_room, dpeg_lair_monsters,
          minmay_misc_feat_pillars
D:9:      cheibrodos_helix_gallery, layout_loops_cross,
          gammafunk_temple_overflow_pools, erik_orc_4
D:10:     layout_grid_maze, enter_bailey_2, uniq_fannar
D:11:     layout_small_grid
Temple:   compressed_dpeg_circular_temple
Lair:1:   layout_cave_pods, infiniplex_staircase_pool
Lair:2:   layout_chaotic_city, st_stairs_10
Lair:3:   wad_woods_structure_01, layout_regular_city,
          nicolae_swamp_entry_spooky, nicolae_spider_entry_tight_spaces,
          serial_bayou_shore_b, uniq_nergalle

Skill      XL: |  1  2  3  4  5  6  7  8  9 10 11 12 13 |
---------------+----------------------------------------+-----
Maces & Flails | 1 3 5 6 7 9 10 12 14 16 | 16.0
Shields        | 5 |  5.0
Fighting       | 6 7 8 9 11 | 11.3
Armour         | 5 7 10 | 10.0
Long Blades    | |  3.8
Dodging        | |  1.0

Action                     |  1- 3 |  4- 6 |  7- 9 | 10-12 | 13-15 || total
---------------------------+-------+-------+-------+-------+-------++-------
  Melee: Falchion          |    45 |       |       |       |       ||    45
         Punch             |     3 |     3 |       |       |       ||     6
         Mace              |    32 |    45 |       |       |       ||    77
         Dagger            |       |    68 |     6 |       |       ||    74
         Flail             |       |       |   255 |       |       ||   255
         Morningstar       |       |       |   139 |    59 |       ||   198
         Eveningstar       |       |       |       |   638 |   197 ||   835
 Invoke: Serpent's Lash    |       |       |       |     1 |       ||     1
Ability: Lunge             |       |       |     8 |    23 |     6 ||    37
         Whirlwind         |       |       |     2 |    28 |    37 ||    67
         Wall Jump         |       |       |       |     4 |     5 ||     9
  Evoke: Wand              |       |       |       |     5 |       ||     5
    Use: Scroll            |     2 |     1 |     1 |    12 |     3 ||    19
         Potion            |       |     2 |     7 |     6 |       ||    15
 Armour: Leather armour    |    35 |    46 |       |       |       ||    81
         Plate armour      |       |    13 |   289 |   425 |     3 ||   730
         Ring mail         |       |       |       |       |    62 ||    62
  Dodge: Dodged            |    56 |    74 |   171 |   323 |    52 ||   676
  Block: Buckler           |       |       |    69 |   142 |    22 ||   233

Table legend: (Time is in decaauts)
 A = Elapsed time spent in this place.
 B = Non-inter-level travel time spent in this place.
 C = Inter-level travel time spent in this place.
 D = Time resting spent in this place.
 E = Time spent auto-exploring this place.
 F = Levels seen in this place.
 G = Mean time per level.
                   A        B        C        D        E       F      G
               +--------+--------+--------+--------+--------+-----+--------+
         Total |  17388 |  16227 |   1161 |   4444 |   8418 |  16 | 1086.8 |
       Dungeon |  13559 |  12510 |   1049 |   3603 |   6300 |  11 | 1232.6 |
        Temple |    110 |     81 |     29 |      0 |     58 |   1 |  110.0 |
          Lair |   3068 |   2986 |     82 |    558 |   1935 |   3 | 1022.7 |
        Bailey |    649 |    649 |      0 |    283 |    124 |   1 |  649.0 |
               +--------+--------+--------+--------+--------+-----+--------+

Top non-repeatable levels by time:
     D:8: 2563 daAuts
     D:5: 1772 daAuts
     D:7: 1434 daAuts
     D:4: 1348 daAuts
     D:6: 1237 daAuts
  Lair:1: 1185 daAuts
    D:10: 1140 daAuts
  Lair:2: 1100 daAuts
    D:11: 966 daAuts
     D:2: 845 daAuts
     D:3: 824 daAuts
  Lair:3: 782 daAuts
     D:9: 745 daAuts
     D:1: 681 daAuts
  Bailey: 649 daAuts
